 Dungeon Crawl Stone Soup version 0.21-a0-79-g04744e2 (webtiles) character file.

12323 KristoblXynda the Cleaver (level 11, -1/109 HPs)
             Began as a Minotaur Monk on June 22, 2017.
             Was a High Priest of Nemelex Xobeh.
             Slain by an ancient zyme (3 damage)
             ... on level 1 of the Abyss.
             The game lasted 00:30:59 (10222 turns).

KristoblXynda the Cleaver (Minotaur Monk)          Turns: 10222, Time: 00:31:00

Health: -1/109     AC: 25    Str: 23 (24) XL:     11   Next: 60%
Magic:  16/16      EV:  2    Int: 10      God:    Nemelex Xobeh [*****.]
Gold:   276        SH: 18    Dex: 13      Spells: 10/10 levels left

rFire    . . .     SeeInvis .   F - +2 hand axe (drain)
rCold    . . .     Gourm    .   x - +0 shield
rNeg     + + +     Faith    .   (armour currently unavailable)
rPois    +         Spirit   .   (helmet currently unavailable)
rElec    .         Reflect  +   (cloak currently unavailable)
rCorr    .         Harm     .   (gloves currently unavailable)
MR       .....     NoTele   +   (boots currently unavailable)
Stlth    ++........             j - +6 amulet of reflection
HPRegen  0.00/turn              J - ring of positive energy
MPRegen  0.15/turn              b - +3 ring of strength

@: mighty, tree-form, non-regenerating, diseased
A: (retaliatory headbutt), deterioration 1, frail 1, mutation resistance 1,
regeneration 2
a: Triple Draw, Deal Four, Stack Five, Renounce Religion


You were on level 1 of the Abyss.
You worshipped Nemelex Xobeh.
Nemelex Xobeh was extremely pleased with you.
You were not hungry.
You were a tree.
You visited 3 branches of the dungeon, and saw 13 of its levels.
You visited the Abyss 1 time.
You also visited: Sewer.

You collected 594 gold pieces.
You spent 318 gold pieces at shops.

Inventory:

Hand Weapons
 z - a +0 war axe
 F - a +2 hand axe of draining (weapon)
Armour
 g - a +1 pair of gloves (melded)
 x - a +0 shield (worn)
 D - a +2 cloak of poison resistance (melded)
 R - a +0 chain mail (melded)
 S - a +0 hat (melded)
Jewellery
 b - a +3 ring of strength (right branch)
 j - a +6 amulet of reflection (around neck)
 m - an uncursed ring of resist corrosion
 J - a ring of positive energy (left branch)
 P - an uncursed amulet of regeneration
Wands
 t - a wand of clouds (4/9)
 E - a wand of iceblast (10/15)
Scrolls
 d - 5 scrolls of amnesia
 f - 3 scrolls of remove curse
 k - 3 scrolls of teleportation
 n - a scroll of fear
 s - 2 scrolls of recharging
 I - 4 scrolls of magic mapping
Potions
 e - 3 potions of lignification
 i - a potion of might
 o - a potion of brilliance
 v - 5 potions of agility
 w - a potion of curing
 C - a potion of invisibility
 H - 2 potions of berserk rage {unknown}
 K - a potion of haste {unknown}
 L - a potion of flight
 O - a potion of cancellation
 Q - a potion of heal wounds {unknown}
Books
 M - a book of Misfortune

   Spells                             Type                      Level
   a - Confusing Touch                Hexes                        1
   b - Confuse                        Hexes                        3
   c - Gell's Gravitas                Translocation                3
   d - Petrify                        Transmutation/Earth          4
   e - Metabolic Englaciation         Hexes/Ice                    5
   f - Yara's Violent Unravelling     Hexes/Transmutation          5
Miscellaneous
 a - a plain deck of destruction
 h - an ornate deck of summoning
 q - an ornate deck of summoning
 r - a plain deck of destruction
 u - an ornate deck of destruction {drawn: 1}
 A - a plain deck of summoning {drawn: 6}
 B - a plain deck of escape {drawn: 3}
 G - a plain deck of escape
 N - a legendary deck of summoning
Comestibles
 c - 9 bread rations
 l - 12 royal jellies
 p - 5 meat rations


   Skills:
 - Level 3.6 Fighting
 - Level 11.2 Axes
 + Level 7.6 Armour
 - Level 5.7 Dodging
 - Level 1.5 Stealth
 + Level 10.1 Shields
 + Level 8.2 Invocations
 + Level 7.6 Evocations


You had 10 spell levels left.
You didn't know any spells.

Dungeon Overview and Level Annotations

Branches:
Dungeon (11/15)            Temple (1/1) D:5            Lair (1/6) D:9
    Orc (0/2) D:11

Altars:
Ashenzari
Cheibriados
Dithmenos
Elyvilon
Fedhas
Gozag
Hepliaklqana
Kikubaaqudgha
Makhleb
Nemelex Xobeh
Okawaru
Qazlal
Ru
Sif Muna
Trog
Uskayaw
Vehumet
Wu Jian
Xom
Yredelemnul
Zin
The Shining One

Shops:
D:7 *?((


Innate Abilities, Weirdness & Mutations

((You reflexively headbutt those who attack you in melee.))
((You have a pair of horns on your head.))
((You are partially covered in large bone plates. (SH +4)))
Your body sometimes deteriorates upon taking damage.
You are frail. (-10% HP)
You are somewhat resistant to further mutation.
You heal very quickly.


Message History

Your +0 chain mail melds into your body.
Your roots penetrate the ground.
The demonic crawler hits you but does no damage. x2
You block the demonic crawler's attack. You block the ancient zyme's attack.
The ancient zyme hits you but does no damage.
You barely miss the ancient zyme.
The ancient zyme is lightly damaged.
You hit the demonic crawler. You block the demonic crawler's attack.
The demonic crawler hits you but does no damage.
The demonic crawler hits you.
* * * LOW HITPOINT WARNING * * *
You slice the ancient zyme!!
The ancient zyme is heavily damaged.
You hit the demonic crawler. The demonic crawler hits you.
* * * LOW HITPOINT WARNING * * *
You block the demonic crawler's attack.
The demonic crawler hits you but does no damage.
You block the ancient zyme's attack. The ancient zyme hits you.
You die...
Your body disappears without a glow.

.#. #. .####
.#... . .###
...?# #
#..#..##.... .
. #.. ..###. .
##..#..#.. #..
..).#§###§.
#...##.#§.§.#..
#.###.♣x§§##.
### .#.s.§§# ##
#...#..#....# .
##.#...####.#
### § ..# . .
##.#. .# .
####.# # # # )
# . # # ..# . .


You could see a demonic crawler and an ancient zyme.

Vanquished Creatures
  An ugly thing (D:11)
  A spiny frog (Lair:1)
  A queen bee (D:9)
  3 trolls
  3 raiju (Abyss:1)
  A hippogriff (D:10)
  A wyvern (D:11)
  15 yaks
  A basilisk (Lair:1)
  2 hungry ghosts
  2 wargs
  A soldier ant (D:11)
  A black bear (D:6)
  2 orc warriors (D:9)
  A phantom (D:8)
  4 ice beasts
  4 sky beasts
  An eye of draining (D:11)
  4 wolves
  6 centaurs
  6 ogres
  A big kobold (D:9)
  A crocodile (Sewer)
  The ghost of Torious the Conjurer, an amateur DECj (D:3)
  A wyvern zombie (D:11)
  A scorpion (D:6)
  16 killer bees
  A water moccasin skeleton (D:5)
  3 wights (D:11)
  2 howler monkeys
  6 crimson imps
  3 quasits
  A bullfrog zombie (D:10)
  8 orc priests
  Crazy Yiuf (D:7)
  A hound (D:8)
  5 jellies
  4 centaur skeletons
  5 orc wizards
  An iguana (D:6)
  8 worker ants
  2 hound zombies
  8 gnolls
  13 adders
  A river rat (D:8)
  A shadow imp (D:5)
  An ooze (D:2)
  3 adder skeletons
  2 worms (D:3)
  3 dart slugs
  14 leopard geckos
  31 orcs
  A ball python (D:2)
  8 giant cockroaches
  11 hobgoblins
  16 jackals
  11 kobolds
  2 quokkas
  4 bats
  8 frilled lizards
  7 goblins
  A leopard gecko skeleton (D:8)
  2 quokka skeletons
  8 rats
289 creatures vanquished.

Vanquished Creatures (collateral kills)
  Erica (D:8)
  A two-headed ogre (D:10)
  2 yaks (D:9)
  A warg (D:9)
  An orc warrior (D:7)
  An ogre (D:5)
  A necrophage (D:9)
  A wolf (Lair:1)
  A big kobold (D:9)
  11 killer bees
  4 wights (D:7)
  An orc priest (D:11)
  An iguana (D:9)
  An adder (D:7)
  11 orcs
  2 kobolds (D:9)
  A leopard gecko zombie (D:9)
42 creatures vanquished.

Vanquished Creatures (others)
  A centaur (D:11)
  2 killer bees (D:9)
  A shadow imp (D:9)
  A ball lightning (D:9)
  An orc (D:9)
  A kobold (D:9)
7 creatures vanquished.

Grand Total: 338 creatures vanquished

Notes
Turn   | Place    | Note
-------+----------+-------------------------------------------
     0 | D:1      | KristoblXynda the Minotaur Monk began the quest for the Orb.
     0 | D:1      | Reached XP level 1. HP: 19/19 MP: 0/0
   213 | D:1      | Reached skill level 1 in Armour
   314 | D:1      | Reached XP level 2. HP: 26/26 MP: 1/1
   543 | D:2      | Reached skill level 4 in Axes
   543 | D:2      | Reached XP level 3. HP: 25/31 MP: 2/2
  1019 | D:3      | Reached XP level 4. HP: 31/39 MP: 3/3
  1039 | D:3      | Noticed Torious's ghost (amateur DECj)
  1074 | D:3      | Killed Torious's ghost
  1074 | D:3      | Reached skill level 5 in Axes
  1074 | D:3      | Reached XP level 5. HP: 8/45 MP: 4/4
  1552 | D:3      | Found an opulent altar of Gozag.
  1655 | D:3      | Found a shadowy altar of Dithmenos.
  1836 | D:3      | Reached skill level 5 in Dodging
  1871 | D:3      | Found a blossoming altar of Fedhas.
  2005 | D:4      | Reached XP level 6. HP: 47/51 MP: 5/5
  2063 | D:4      | Reached skill level 6 in Axes
  2371 | D:4      | Reached skill level 5 in Armour
  2371 | D:4      | Reached XP level 7. HP: 52/57 MP: 6/6
  3020 | D:5      | Entered Level 5 of the Dungeon
  3061 | D:5      | Reached skill level 1 in Shields
  3116 | D:5      | Found a staircase to the Ecumenical Temple.
  3127 | Temple   | Entered the Ecumenical Temple
  3131 | Temple   | Became a worshipper of Nemelex Xobeh the Trickster
  3131 | Temple   | Received a gift from Nemelex Xobeh
  3131 | Temple   | Reached * piety under Nemelex Xobeh
  3131 | Temple   | Received a gift from Nemelex Xobeh
  3131 | Temple   | Reached ** piety under Nemelex Xobeh
  3131 | Temple   | Received a gift from Nemelex Xobeh
  3669 | D:5      | Found a hazy altar of Hepliaklqana.
  3746 | D:5      | Reached skill level 7 in Axes
  3780 | D:5      | Gained mutation: Your flesh is cold resistant. (rC+) [mutagenic meat]
  3781 | D:5      | Gained mutation: Your body sometimes deteriorates upon taking damage. [mutagenic meat]
  3782 | D:5      | Gained mutation: You are frail. (-10% HP) [mutagenic meat]
  3783 | D:5      | Gained mutation: Your movements are slightly less encumbered by armour. (ER -2) [mutagenic meat]
  3784 | D:5      | Gained mutation: Your natural rate of healing is unusually fast. [mutagenic meat]
  3785 | D:5      | Gained mutation: You heal very quickly. [mutagenic meat]
  4017 | D:6      | Found a shattered altar of Ashenzari.
  4018 | D:6      | Received a gift from Nemelex Xobeh
  4116 | D:6      | Reached XP level 8. HP: 56/57 MP: 7/7
  4119 | D:6      | Reached skill level 1 in Invocations
  4119 | D:6      | Reached skill level 1 in Evocations
  4130 | D:6      | Lost mutation: You are frail. (-10% HP) [mutagenic meat]
  4131 | D:6      | Gained mutation: Your body often deteriorates upon taking damage. [mutagenic meat]
  4132 | D:6      | Lost mutation: Your flesh is cold resistant. (rC+) [mutagenic meat]
  4133 | D:6      | Gained mutation: You are frail. (-10% HP) [mutagenic meat]
  4135 | D:6      | Lost mutation: Your movements are slightly less encumbered by armour. (ER -2) [mutagenic meat]
  4505 | D:6      | Found a glowing drain.
  4515 | Sewer    | Entered a sewer
  4629 | Sewer    | Identified a scroll of acquirement
  4785 | D:6      | Received a gift from Nemelex Xobeh
  4796 | D:6      | Reached *** piety under Nemelex Xobeh
  4844 | D:6      | Reached skill level 8 in Axes
  5063 | D:6      | Found a bloodstained altar of Trog.
  5327 | D:7      | Reached skill level 5 in Shields
  5547 | D:7      | Found Seskuax's Magic Scroll Shoppe.
  5553 | D:7      | Bought a scroll of identify for 24 gold pieces
  5556 | D:7      | Found Hawapin's Antique Armour Shoppe.
  5580 | D:7      | Found Aclekhlou's Antique Weapon Emporium.
  5591 | D:7      | Bought a runed hand axe for 132 gold pieces
  5606 | D:7      | Found Ogiuc's Antique Weapon Emporium.
  5626 | D:7      | Bought a translucent rapier for 162 gold pieces
  5626 | D:7      | Identified the +8 rapier of Wondrous Power {flame, rElec Str-3 Dex+2} (You bought it in a shop on level 7 of the Dungeon)
  5660 | D:7      | Received a gift from Nemelex Xobeh
  5694 | D:7      | Reached XP level 9. HP: 63/63 MP: 10/10
  5837 | D:7      | Found Ungoixun's General Store.
  5917 | D:7      | Found a runed door.
  5921 | D:7      | Noticed Crazy Yiuf
  5927 | D:7      | Killed Crazy Yiuf
  6162 | D:8      | Received a gift from Nemelex Xobeh
  6258 | D:8      | Noticed Erica
  6270 | D:8      | Killed Erica
  6270 | D:8      | Reached skill level 9 in Axes
  6539 | D:8      | Reached skill level 5 in Invocations
  6815 | D:8      | Reached **** piety under Nemelex Xobeh
  6939 | D:9      | Noticed a queen bee
  6964 | D:9      | Reached skill level 5 in Evocations
  6969 | D:9      | Killed a queen bee
  6969 | D:9      | Reached XP level 10. HP: 33/69 MP: 13/13
  7048 | D:9      | Reached skill level 10 in Axes
  7121 | D:9      | Received a gift from Nemelex Xobeh
  7386 | D:9      | Found a staircase to the Lair.
  7490 | D:9      | Received a gift from Nemelex Xobeh
  7561 | D:9      | Reached ***** piety under Nemelex Xobeh
  7758 | Lair:1   | Entered Level 1 of the Lair of Beasts
  7758 | Lair:1   | Noticed a spiny frog
  7771 | Lair:1   | Killed a spiny frog
  8136 | D:10     | Entered Level 10 of the Dungeon
  8192 | D:10     | Received a gift from Nemelex Xobeh
  8344 | D:10     | Noticed a two-headed ogre
  8351 | D:10     | Killed a two-headed ogre
  8760 | D:10     | Reached skill level 11 in Axes
  8760 | D:10     | Reached XP level 11. HP: 41/73 MP: 15/15
  8973 | D:10     | Gained mutation: You are partially covered in large bone plates. (SH +4) [mutagenic meat]
  8974 | D:10     | Lost mutation: Your body often deteriorates upon taking damage. [mutagenic meat]
  8976 | D:10     | Gained mutation: You are somewhat resistant to further mutation. [mutagenic meat]
  9043 | D:10     | Found a hazy altar of Hepliaklqana.
  9299 | D:11     | Noticed a white ugly thing
  9316 | D:11     | Killed a white ugly thing
  9465 | D:11     | Received a gift from Nemelex Xobeh
  9859 | D:11     | Found a staircase to the Orcish Mines.
  9975 | D:11     | Reached skill level 10 in Shields
 10075 | D:11     | Cast into level 1 of the Abyss (wight)
 10075 | Abyss:1  | Found a corrupted altar of Lugonu.
 10221 | Abyss:1  | HP: 4/109 [demonic crawler (6)]
 10222 | Abyss:1  | Slain by an ancient zyme

Vault maps used:
D:1:      lightli_arrival_flooded_house
D:2:      roderic_three_in_a_row
D:3:      nicolae_dithmenos_shadow_blocks, old_standard_altar, fedhas_altar_4
D:5:      kennysheep_mini_moat, minmay_temple_entry_mist, first_bread
D:6:      marbit_many_paths, evilmike_ruin_ashenzari, gup_sewer_entry_pipe
D:7:      serial_shops, nicolae_shop_stone, shop, shop,
          nicolae_shop_window_shopping,
          nicolae_shop_temple_entry_statues_fountains, uniq_crazy_yiuf_cottage
D:8:      uniq_erica
D:9:      erik_lair_orcish_takeover, david_nohive_1, minmay_orc_keep
D:10:     minmay_the_grid_triangle_9x9_recursive_2, basic_altar
D:11:     david_orc_3
Temple:   nicolae_temple_x_marks_the_god
Lair:1:   st_stairs_8, lemuel_fruit_tree
Sewer:    sewer_the_crocodile

Skill      XL: |  1  2  3  4  5  6  7  8  9 10 11 |
---------------+----------------------------------+-----
Armour         | 1 2 3 4 5 6 7 |  7.6
Axes           | 4 5 6 7 8 9 11 | 11.2
Dodging        | 4 5 |  5.7
Shields        | 3 5 7 9 10 | 10.1
Invocations    | 3 5 7 8 |  8.2
Evocations     | 3 5 6 7 |  7.6
Fighting       | |  3.6
Stealth        | |  1.5

Action                   |  1- 3 |  4- 6 |  7- 9 | 10-12 || total
-------------------------+-------+-------+-------+-------++-------
Melee: Hand axe          |    56 |   132 |   398 |   247 ||   833
       Headbutt          |    11 |    21 |    69 |    92 ||   193
       War axe           |       |       |       |   204 ||   204
Evoke: Deck              |       |       |    12 |    12 ||    24
       Wand              |       |       |       |     1 ||     1
  Use: Potion            |       |     6 |     1 |     4 ||    11
       Scroll            |       |     4 |    13 |    11 ||    28
 Stab: Sleeping          |     1 |       |     1 |       ||     2
       Distracted        |       |       |     1 |     2 ||     3
       Petrified         |       |       |     7 |       ||     7
  Eat: Chunk             |       |     5 |    23 |     6 ||    34
       Fruit             |       |       |     4 |     1 ||     5
       Meat ration       |       |       |       |     2 ||     2
Armor: Leather armour    |     6 |       |       |       ||     6
       Ring mail         |    23 |    23 |   120 |    96 ||   262
       Skin              |       |    48 |       |     5 ||    53
       Chain mail        |       |       |       |    27 ||    27
Dodge: Dodged            |    54 |    60 |   153 |   196 ||   463
Block: Shield            |       |       |   242 |   487 ||   729
       Reflection        |       |       |     1 |    15 ||    16
